TOP OF THE 1ST |
Augusta Timber Hawks batting - Pitching for Lévis Rocks : RHP Jim Unknown
|
Pitching: RHP Jim Unknown
|
|
Batting: RHB Dave Bush
|
0-0: Foul Ball, location: 2F 0-1: SINGLE (Flyball, 78M)
|
Batting: SHB Noboru Ichihara
|
0-0: Called Strike 0-1: Swinging Strike 0-2: Ball 1-2: Grounds into double play, 6-4-3 (Groundball, 6M)
|
Batting: LHB Jorge Lucero
|
0-0: Ball 1-0: Ball 2-0: Ball 3-0: Called Strike 3-1: Called Strike 3-2: Ground out 1-3 (Groundball, 13S)
|
Top of the 1st over - 0 run(s), 1 hit(s), 0 error(s), 0 left on base; Augusta 0 - Lévis 0 |
BOTTOM OF THE 1ST |
Lévis Rocks batting - Pitching for Augusta Timber Hawks : RHP Norm Burris
|
Pitching: RHP Norm Burris
|
|
Batting: SHB Tim Eldridge
|
0-0: Fly out, F8 (Flyball, 8LM)
|
Batting: RHB Bernardo Burgos
|
0-0: Called Strike 0-1: Ball 1-1: Ball 2-1: Ground out 6-3 (Groundball, 6)
|
Batting: RHB Dan Holliday
|
0-0: Foul Ball, location: 2F 0-1: Foul Ball, location: 2F 0-2: Foul Ball, location: 2F 0-2: Foul Ball, location: 2F 0-2: Fly out, F3 (Popup, 3DF)
|
Bottom of the 1st over - 0 run(s), 0 hit(s), 0 error(s), 0 left on base; Augusta 0 - Lévis 0 |
TOP OF THE 2ND |
Augusta Timber Hawks batting - Pitching for Lévis Rocks : RHP Jim Unknown
|
Batting: LHB Juan Rodríguez
|
0-0: Called Strike 0-1: Ball 1-1: Foul Ball, location: 2F 1-2: Strikes out swinging
|
Batting: RHB Octávio Aguilar
|
0-0: Called Strike 0-1: Swinging Strike 0-2: Strikes out looking
|
Batting: RHB Mark Cunningham
|
0-0: Called Strike 0-1: Ball 1-1: SINGLE (Flyball, 9LS)
|
Batting: LHB Freddy Gonzáles
|
0-0: Ball 1-0: Ball 2-0: Fly out, F7 (Flyball, 7D)
|
Top of the 2nd over - 0 run(s), 1 hit(s), 0 error(s), 1 left on base; Augusta 0 - Lévis 0 |
BOTTOM OF THE 2ND |
Lévis Rocks batting - Pitching for Augusta Timber Hawks : RHP Norm Burris
|
Batting: RHB Ernie McPherson
|
0-0: Ball 1-0: Called Strike 1-1: SOLO HOME RUN (Flyball, 9D), Distance : 335 ft
|
Batting: RHB Raúl Valadez
|
0-0: Ball 1-0: Swinging Strike 1-1: Foul Ball, location: 2F 1-2: Foul Ball, location: 2F 1-2: Strikes out looking
|
Batting: SHB Bartolo Fernández
|
0-0: Ball 1-0: Ball 2-0: Swinging Strike 2-1: Called Strike 2-2: Strikes out looking
|
Batting: SHB Monte Adams
|
0-0: Ball 1-0: Foul Ball, location: 2F 1-1: Ball 2-1: Ground out 4-3 (Groundball, 34)
|
Bottom of the 2nd over - 1 run(s), 1 hit(s), 0 error(s), 0 left on base; Augusta 0 - Lévis 1 |
TOP OF THE 3RD |
Augusta Timber Hawks batting - Pitching for Lévis Rocks : RHP Jim Unknown
|
Batting: SHB Lawrence Franklin
|
0-0: Called Strike 0-1: Swinging Strike 0-2: SINGLE (Line Drive, 8LS)
|
Batting: RHB Brit Fleming
|
0-0: Called Strike Lawrence Franklin steals 2nd base 0-1: Swinging Strike 0-2: Ball 1-2: Foul Ball, location: 2F 1-2: Ball 2-2: Strikes out looking
|
Batting: RHB Dave Bush
|
0-0: Ball 1-0: SINGLE (Groundball, 34D) (infield hit) Lawrence Franklin to third
|
Batting: SHB Noboru Ichihara
|
0-0: Ball 1-0: Called Strike 1-1: Ball 2-1: Fly out, F5 (Popup, 5DF)
|
Batting: LHB Jorge Lucero
|
0-0: Called Strike Dave Bush is caught stealing 2nd base
|
Top of the 3rd over - 0 run(s), 2 hit(s), 0 error(s), 0 left on base; Augusta 0 - Lévis 1 |
BOTTOM OF THE 3RD |
Lévis Rocks batting - Pitching for Augusta Timber Hawks : RHP Norm Burris
|
Batting: RHB Jim Unknown
|
0-0: Called Strike 0-1: Ball 1-1: Foul Ball, location: 2F 1-2: Foul Ball, location: 2F 1-2: Foul Ball, location: 2F 1-2: Strikes out swinging
|
Batting: LHB Jim Unknown
|
0-0: Ball 1-0: Called Strike 1-1: Fly out, F9 (Flyball, 9M)
|
Batting: SHB Tim Eldridge
|
0-0: Swinging Strike 0-1: Fly out, F9 (Flyball, 89M)
|
Bottom of the 3rd over - 0 run(s), 0 hit(s), 0 error(s), 0 left on base; Augusta 0 - Lévis 1 |
TOP OF THE 4TH |
Augusta Timber Hawks batting - Pitching for Lévis Rocks : RHP Jim Unknown
|
Batting: LHB Jorge Lucero
|
0-0: Ball 1-0: Foul Ball, location: 2F 1-1: Ball 2-1: Foul Ball, location: 2F 2-2: Ball 3-2: Foul Ball, location: 2F 3-2: Base on Balls
|
Batting: LHB Juan Rodríguez
|
0-0: Ball 1-0: Foul Ball, location: 2F 1-1: Ball 2-1: Ball 3-1: Ground out 1-3 (Groundball, 3S) Jorge Lucero to second
|
Batting: RHB Octávio Aguilar
|
0-0: Called Strike 0-1: Ball 1-1: Swinging Strike 1-2: Ball 2-2: Ball 3-2: Fly out, F9 (Flyball, 9S)
|
Batting: RHB Mark Cunningham
|
0-0: Called Strike 0-1: Ball 1-1: DOUBLE (Line Drive, 9LS) Jorge Lucero scores
|
Batting: LHB Freddy Gonzáles
|
0-0: Ball 1-0: Ball 2-0: Swinging Strike 2-1: Ball 3-1: Foul Ball, location: 2F 3-2: Foul Ball, location: 2F 3-2: Base on Balls
|
Batting: SHB Lawrence Franklin
|
0-0: Ball 1-0: Foul Ball, location: 2F 1-1: Swinging Strike 1-2: Foul Ball, location: 2F 1-2: Ball 2-2: SINGLE (Groundball, 56D) Mark Cunningham to third Freddy Gonzáles to second Runner from 3rd tries for Home, SAFE, no throw or cutoff
|
Batting: RHB Brit Fleming
|
0-0: Ball 1-0: Ball 2-0: Ball 3-0: Base on Balls Freddy Gonzáles to third Lawrence Franklin to second
|
Batting: RHB Dave Bush
|
0-0: Swinging Strike 0-1: Ball 1-1: Called Strike 1-2: Foul Ball, location: 2F 1-2: Strikes out swinging
|
Top of the 4th over - 2 run(s), 2 hit(s), 0 error(s), 3 left on base; Augusta 2 - Lévis 1 |
BOTTOM OF THE 4TH |
Lévis Rocks batting - Pitching for Augusta Timber Hawks : RHP Norm Burris
|
Batting: RHB Bernardo Burgos
|
0-0: Foul Ball, location: 2F 0-1: SINGLE (Line Drive, 6MD)
|
Batting: RHB Dan Holliday
|
0-0: Reached on error, E6 (Groundball, 6M) Bernardo Burgos to second
|
Batting: RHB Ernie McPherson
|
0-0: Called Strike 0-1: Ball 1-1: Foul Ball, location: 2F 1-2: Foul Ball, location: 2F 1-2: 3-RUN HOME RUN (Flyball, 78XD), Distance : 411 ft
|
Batting: RHB Raúl Valadez
|
0-0: Ball 1-0: Foul Ball, location: 2F 1-1: Ball 2-1: Fly out, F4 (Popup, 4)
|
Batting: SHB Bartolo Fernández
|
0-0: Ball 1-0: Foul Ball, location: 2F 1-1: SOLO HOME RUN (Flyball, 8RXD), Distance : 431 ft
|
Pitching: RHP Joel Harris
|
|
Batting: SHB Monte Adams
|
0-0: Fly out, F8 (Flyball, 8RM)
|
Batting: RHB Jim Unknown
|
0-0: Ball 1-0: Foul Ball, location: 2F 1-1: Swinging Strike 1-2: Ball 2-2: Ball 3-2: Base on Balls
|
Batting: LHB Jim Unknown
|
0-0: Ball 1-0: Called Strike 1-1: SINGLE (Groundball, 4MD) Jim Unknown to second
|
Batting: SHB Tim Eldridge
|
0-0: Called Strike 0-1: Foul Ball, location: 2F 0-2: Ball 1-2: Strikes out swinging
|
Bottom of the 4th over - 4 run(s), 4 hit(s), 1 error(s), 2 left on base; Augusta 2 - Lévis 5 |
TOP OF THE 5TH |
Augusta Timber Hawks batting - Pitching for Lévis Rocks : RHP Jim Unknown
|
Batting: SHB Noboru Ichihara
|
0-0: Called Strike 0-1: Ground out 4-3 (Groundball, 4M)
|
Batting: LHB Jorge Lucero
|
0-0: Foul Ball, location: 2F 0-1: Foul Ball, location: 2F 0-2: Ball 1-2: Strikes out swinging
|
Batting: LHB Juan Rodríguez
|
0-0: Ball 1-0: Ball 2-0: Foul Ball, location: 2F 2-1: Foul Ball, location: 2F 2-2: Strikes out looking
|
Top of the 5th over - 0 run(s), 0 hit(s), 0 error(s), 0 left on base; Augusta 2 - Lévis 5 |
BOTTOM OF THE 5TH |
Lévis Rocks batting - Pitching for Augusta Timber Hawks : RHP Joel Harris
|
Batting: RHB Bernardo Burgos
|
0-0: Called Strike 0-1: SINGLE (Line Drive, 9S)
|
Batting: RHB Dan Holliday
|
0-0: Swinging Strike 0-1: Called Strike 0-2: Strikes out swinging
|
Batting: RHB Ernie McPherson
|
0-0: Ball 1-0: Ball 2-0: Ball 3-0: Base on Balls Bernardo Burgos to second
|
Batting: RHB Raúl Valadez
|
0-0: Called Strike 0-1: Swinging Strike 0-2: Foul Ball, location: 2F 0-2: Ball 1-2: Ball 2-2: Strikes out swinging
|
Batting: SHB Bartolo Fernández
|
0-0: Ball 1-0: Foul Ball, location: 2F 1-1: Called Strike 1-2: Foul Ball, location: 2F 1-2: Ball 2-2: Ball 3-2: Strikes out swinging
|
Bottom of the 5th over - 0 run(s), 1 hit(s), 0 error(s), 2 left on base; Augusta 2 - Lévis 5 |
TOP OF THE 6TH |
Augusta Timber Hawks batting - Pitching for Lévis Rocks : RHP Jim Unknown
|
Batting: RHB Octávio Aguilar
|
0-0: Swinging Strike 0-1: Swinging Strike 0-2: Ball 1-2: Strikes out swinging
|
Batting: RHB Mark Cunningham
|
0-0: Ground out 5-3 (Groundball, 56)
|
Batting: LHB Freddy Gonzáles
|
0-0: Fly out, F7 (Flyball, 7LS)
|
Top of the 6th over - 0 run(s), 0 hit(s), 0 error(s), 0 left on base; Augusta 2 - Lévis 5 |
BOTTOM OF THE 6TH |
Lévis Rocks batting - Pitching for Augusta Timber Hawks : RHP Joel Harris
|
Batting: SHB Monte Adams
|
0-0: Swinging Strike 0-1: Foul Ball, location: 2F 0-2: Strikes out swinging
|
Pitching: LHP Jonathon Baker
|
|
Batting: RHB Jim Unknown
|
0-0: Ball 1-0: Ball 2-0: Fly out, F2 (Popup, 2LF)
|
Batting: LHB Jim Unknown
|
0-0: Ball 1-0: Foul Ball, location: 2F 1-1: Ground out 4-3 (Groundball, 4M)
|
Bottom of the 6th over - 0 run(s), 0 hit(s), 0 error(s), 0 left on base; Augusta 2 - Lévis 5 |
TOP OF THE 7TH |
Augusta Timber Hawks batting - Pitching for Lévis Rocks : RHP Jim Unknown
|
Batting: SHB Lawrence Franklin
|
0-0: Called Strike 0-1: Ball 1-1: SINGLE (Groundball, 5D)
|
Batting: RHB Brit Fleming
|
0-0: Called Strike 0-1: Ball Wild Pitch! Lawrence Franklin to second 1-1: Ball 2-1: Swinging Strike 2-2: Ball 3-2: Foul Ball, location: 2F 3-2: Base on Balls
|
Batting: RHB Dave Bush
|
0-0: Swinging Strike 0-1: Foul Ball, location: 2F 0-2: Ball 1-2: Ball 2-2: Foul Ball, location: 2F 2-2: Foul Ball, location: 2F 2-2: Foul Ball, location: 2F 2-2: Ball 3-2: Fielders Choice at 2nd, 5-4 (Groundball, 56) Lawrence Franklin to third
|
Pitching: RHP Eduardo Estrada
|
|
Batting: SHB Noboru Ichihara
|
0-0: Ball 1-0: Fly out, F6 (Line Drive, 56)
|
Pitching: LHP Félix Aguilar
|
|
Batting: LHB Jorge Lucero
|
0-0: Ball 1-0: Ball 2-0: Ball 3-0: Called Strike 3-1: Foul Ball, location: 2F 3-2: Ground out 3-1 (Groundball, 34)
|
Top of the 7th over - 0 run(s), 1 hit(s), 0 error(s), 2 left on base; Augusta 2 - Lévis 5 |
BOTTOM OF THE 7TH |
Lévis Rocks batting - Pitching for Augusta Timber Hawks : LHP Jonathon Baker
|
Batting: SHB Tim Eldridge
|
0-0: Ball 1-0: Swinging Strike 1-1: Swinging Strike 1-2: Strikes out swinging
|
Batting: RHB Bernardo Burgos
|
0-0: Ball 1-0: Ball 2-0: Called Strike 2-1: Foul Ball, location: 2F 2-2: Strikes out swinging
|
Batting: RHB Dan Holliday
|
0-0: Ball 1-0: Ball 2-0: Ball 3-0: Base on Balls
|
Batting: RHB Ernie McPherson
|
0-0: Ball 1-0: Ball 2-0: Foul Ball, location: 2F 2-1: Ball 3-1: Foul Ball, location: 2F 3-2: Base on Balls Dan Holliday to second
|
Batting: RHB Raúl Valadez
|
0-0: Ball 1-0: Reached on error, E6 (Groundball, 6MS) Dan Holliday to third Ernie McPherson to second
|
Batting: SHB Bartolo Fernández
|
0-0: SINGLE (Groundball, 4M) Dan Holliday scores Ernie McPherson to third Raúl Valadez to second Runner from 3rd tries for Home, SAFE, no throw or cutoff
|
Pitching: RHP Michel Neveu
|
|
Batting: SHB Monte Adams
|
0-0: Ball 1-0: 3-RUN HOME RUN (Line Drive, 89XD), Distance : 369 ft
|
Batting: RHB Jim Unknown
|
0-0: Called Strike 0-1: Fly out, F3 (Popup, 3DF)
|
Bottom of the 7th over - 5 run(s), 2 hit(s), 1 error(s), 0 left on base; Augusta 2 - Lévis 10 |
TOP OF THE 8TH |
Augusta Timber Hawks batting - Pitching for Lévis Rocks : LHP Félix Aguilar
|
Pitching: LHP Jim Unknown
|
|
Batting: LHB Juan Rodríguez
|
0-0: Fly out, F7 (Flyball, 78M)
|
Batting: RHB Octávio Aguilar
|
0-0: Ground out 1-3 (Groundball, 25)
|
Batting: RHB Mark Cunningham
|
0-0: Foul Ball, location: 2F 0-1: Ball 1-1: Foul Ball, location: 2F 1-2: Strikes out looking
|
Top of the 8th over - 0 run(s), 0 hit(s), 0 error(s), 0 left on base; Augusta 2 - Lévis 10 |
BOTTOM OF THE 8TH |
Lévis Rocks batting - Pitching for Augusta Timber Hawks : RHP Michel Neveu
|
Batting: LHB Jim Unknown
|
0-0: Ball 1-0: Ball 2-0: Called Strike 2-1: Fly out, F7 (Flyball, 7M)
|
Batting: SHB Tim Eldridge
|
0-0: SINGLE (Groundball, 34D)
|
Batting: RHB Bernardo Burgos
|
0-0: Foul Ball, location: 2F 0-1: Ball 1-1: Ball 2-1: 2-RUN HOME RUN (Flyball, 78XD), Distance : 408 ft
|
Pitching: LHP Josh Cox
|
|
Batting: RHB Dan Holliday
|
0-0: SINGLE (Line Drive, 8RS)
|
Batting: RHB Ernie McPherson
|
0-0: Called Strike 0-1: Ball 1-1: Ball 2-1: Ball 3-1: Base on Balls Dan Holliday to second
|
Batting: RHB Raúl Valadez
|
0-0: Grounds into double play, 5-4-3 (Groundball, 5)
|
Bottom of the 8th over - 2 run(s), 3 hit(s), 0 error(s), 1 left on base; Augusta 2 - Lévis 12 |
TOP OF THE 9TH |
Augusta Timber Hawks batting - Pitching for Lévis Rocks : LHP Jim Unknown
|
Batting: LHB Freddy Gonzáles
|
0-0: Ground out 5-3 (Groundball, 5D)
|
Batting: SHB Lawrence Franklin
|
0-0: Ball 1-0: Ball 2-0: Fly out, F1 (Popup, 15S)
|
Batting: RHB Brit Fleming
|
0-0: Called Strike 0-1: Foul Ball, location: 2F 0-2: Strikes out swinging
|
Top of the 9th over - 0 run(s), 0 hit(s), 0 error(s), 0 left on base; Augusta 2 - Lévis 12 |
|